 Dungeon Crawl Stone Soup version 0.30.1-11-g7821555f0a (webtiles) character file.

Game seed: 11968289123827753819

816 monsoonserge the Cudgeller (level 7, -8/26 (41) HPs)
             Began as a Tengu Reaver on Jan 10, 2024.
             Was an Initiate of Okawaru.
             Mangled by an ogre
             ... wielding a +0 giant club
              (33 damage)
             ... on level 5 of the Dungeon.
             The game lasted 00:19:20 (4280 turns).

monsoonserge the Cudgeller (Tengu Reaver)           Turns: 4280, Time: 00:19:20

HP:   -8/26 (41)    AC:  3    Str: 12    XL:     7   Next: 94%
MP:   11/11         EV: 20    Int: 16    God:    Okawaru [......]
Gold: 219           SH:  0    Dex: 12    Spells: 6/10 levels left

rFire   . . .        G - +0 morningstar
rCold   . . .        (no shield)
rNeg    . . .        b - +0 leather armour
rPois   .            (helmet restricted)
rElec   .            (no cloak)
rCorr   .            (no gloves)
SInv    +            (boots unavailable)
Will    .....        (no amulet)
Stlth   +            c - +5 ring of evasion
HPRegen 0.24/turn    v - ring of see invisible
MPRegen 0.12/turn

%: no passive effects
@: flying quickly and evasively, very heavily drained, quick
A: beak, talons 3, nimble flight
a: Renounce Religion


You were on level 5 of the Dungeon.
You worshipped Okawaru.
Okawaru was noncommittal.
You visited 2 branches of the dungeon, and saw 6 of its levels.

You collected 219 gold pieces.

Inventory:

Hand Weapons
 A - a +0 flail
 G - a +0 morningstar (weapon)
Missiles
 e - 5 javelins
 i - 8 poisoned darts (quivered)
 l - 2 atropa-tipped darts
 K - 2 boomerangs
Armour
 b - a +0 leather armour (worn)
 u - a +0 ring mail
 y - an orb of guile
Jewellery
 c - a +5 ring of evasion (left hand)
 d - a ring of fire
 v - a ring of see invisible (right hand)
 C - a ring of wizardry
 D - a ring of protection from fire
 J - a ring of positive energy
Wands
 B - a wand of roots (10)
 H - a wand of digging (9)
Scrolls
 f - a scroll of fear {unknown}
 g - a scroll of magic mapping {unknown}
 h - 3 scrolls of blinking {unknown}
 j - a scroll of amnesia {unknown}
 n - a scroll of butterflies {unknown}
 o - a scroll of noise {unknown}
 r - 2 scrolls of fog {unknown}
 s - a scroll of vulnerability {unknown}
 w - 3 scrolls of identify {unknown}
 E - a scroll of brand weapon {unknown}
Potions
 a - 3 potions of magic {unknown}
 k - a potion of ambrosia {unknown}
 m - a potion of haste {unknown}
 p - 2 potions of brilliance {unknown}
 q - 3 potions of curing
 t - a potion of attraction {unknown}
 x - a potion of cancellation {unknown}
 z - a potion of mutation {unknown}
 F - a potion of might {unknown}
 I - 3 potions of lignification {unknown}


   Skills:
 + Level 3.3 Fighting
 + Level 6.7 Maces & Flails
 + Level 1.3 Throwing
 + Level 2.7 Armour
 + Level 3.7 Dodging
 - Level 2.0 Spellcasting
 + Level 5.2 Conjurations
 + Level 0.1 Necromancy
 - Level 3.0 Air Magic
 - Level 2.0 Poison Magic


You had 6 spell levels left.
You knew the following spells:

 Your Spells              Type           Power      Damage    Failure   Level
a - Kiss of Death         Conj/Necr      40%        2d8       9%          1
b - Mephitic Cloud        Conj/Pois/Air  12%        N/A       19%         3

Your spell library contained the following spells:

 Spells                   Type           Power      Damage    Failure   Level
 Momentum Strike          Conj/Tloc      20%        3d8       14%         2
 Poisonous Vapours        Pois/Air       18%        N/A       14%         2
 Apportation              Tloc           2%         N/A       26%         1
 Necrotise                Necr           8%         1d4       26%         1
 Hailstorm                Conj/Ice       10%        3d5       26%         3
 Ozocubu's Armour         Ice            1%         N/A       61%         3
 Freezing Cloud           Conj/Ice/Air   5%         6-21      93%         5
 Ozocubu's Refrigeration  Ice            0%         4d7       100%        7
 Summon Small Mammal      Summ           Unusable   N/A       N/A         1

Dungeon Overview and Level Annotations

Branches:
Dungeon (5/15)             Temple (1/1) D:5

Altars:
Ashenzari
Dithmenos
Elyvilon
Fedhas
Gozag
Kikubaaqudgha
Makhleb
Nemelex Xobeh
Okawaru
Qazlal
Ru
Sif Muna
Trog
Vehumet
Wu Jian
Xom
Yredelemnul
Zin
The Shining One


Innate Abilities, Weirdness & Mutations

You have a beak for a mouth.
You have claws for feet.
Your magical nature lets you fly swiftly and evasively.


Message History

The adder completely misses you.
You hit the adder.
You kill the adder!
Okawaru accepts your kill.
An ogre comes into view. It is wielding a +0 giant club.
You see here an adder corpse.
Found a hand axe.
A jelly comes into view.
The jelly quivers.
An ice beast comes into view.
The jelly jiggles.
The ogre shouts!
You hit the jelly.
Your hands burn!
You claw the jelly. You peck the jelly.
The jelly is almost dead.
The jelly completely misses you.
You puncture the jelly!
You kill the jelly!
Okawaru accepts your kill.
Throw: 10 darts (poison)
Press: ? - help, Q - select action, (/) - cycle Shift-Dir - straight line, f - ogre
Aim: an ogre, wielding a +0 giant club (73% to hit)
You throw a poisoned dart. The poisoned dart hits the ogre.
The ogre is poisoned.
Throw: 9 darts (poison)
Press: ? - help, Q - select action, (/) - cycle Shift-Dir - straight line, f/p - ogre
Aim: an ogre, wielding a +0 giant club (lightly wounded, poisoned, 73% to hit)
You throw a poisoned dart. The poisoned dart hits the ogre.
The ogre looks even sicker.
The ogre is lightly wounded.
You closely miss the ogre. You peck the ogre.
The ogre is moderately wounded.
The ogre completely misses you.
You hit the ogre but do no damage. You claw the ogre!
The ogre is heavily wounded.
The ogre misses you.
You hit the ogre.
The ogre is severely wounded.
The ogre hits you with a +0 giant club!!
Ouch! That really hurt!
You die...

###..#......................
###...##...........>...[.#....
##...#.##.......##.#####.......
##......##..........##....#.....
##..........#....................
#.............[........####......
.....†...####...(.##### ###......
................O...# ###...÷....
.........##.....@##.###...#......
##.......##.............##....###
#....>..........#............###
#...............##....#.........
##......#..........##.##......##
##...#........)....#........##
####...#...................##
...............###..<........##
..........###### ##......#.#...


You could see an ogre (very poisoned).

Vanquished Creatures
  An ogre (D:4)
  A phantom (D:4)
  2 scorpions (D:4)
  2 jellies
  A hound (D:4)
  3 iguanas (D:4)
  Ijyb (D:5)
  2 orc wizards
  Terence (D:3)
  7 gnolls
  8 adders
  2 ufetubi (D:4)
  3 worms
  3 dart slugs
  7 orcs
  9 endoplasms
  3 giant cockroaches
  5 hobgoblins
  3 jackals
  7 quokkas
  16 ball pythons
  6 bats
  2 frilled lizards
  10 goblins
  5 kobolds
  5 rats
115 creatures vanquished.

Notes
Turn   | Place    | Note
-------+----------+-------------------------------------------
     0 | D:1      | monsoonserge the Tengu Reaver began the quest for the Orb.
     0 | D:1      | Reached XP level 1. HP: 12/12 MP: 4/4
   122 | D:1      | Found a faded altar of an unknown god.
   400 | D:2      | Reached XP level 2. HP: 17/17 MP: 6/6
   685 | D:2      | Reached XP level 3. HP: 19/21 MP: 7/7
  1062 | D:2      | Reached skill level 4 in Maces & Flails
  1322 | D:3      | Noticed Terence
  1340 | D:3      | Killed Terence
  1341 | D:3      | Reached XP level 4. HP: 6/21 MP: 5/8
  1469 | D:3      | Reached skill level 1 in Armour
  1642 | D:3      | Gained mutation: Your magical nature lets you fly swiftly
                  | and evasively. [Tengu growth]
  1642 | D:3      | Reached XP level 5. HP: 25/25 MP: 9/9
  1646 | D:3      | Learned a level 3 spell: Mephitic Cloud
  1824 | D:3      | Reached skill level 5 in Maces & Flails
  2238 | D:4      | Reached skill level 1 in Air Magic
  2238 | D:4      | Reached XP level 6. HP: 16/36 MP: 10/10
  2388 | D:4      | Reached skill level 1 in Poison Magic
  2806 | D:4      | Reached XP level 7. HP: 39/40 MP: 11/11
  3074 | D:4      | Reached skill level 6 in Maces & Flails
  3074 | D:4      | Reached skill level 5 in Conjurations
  3518 | D:5      | Entered Level 5 of the Dungeon
  3711 | D:5      | Found a staircase to the Ecumenical Temple.
  3722 | Temple   | Entered the Ecumenical Temple
  4020 | Temple   | Became a worshipper of Warmaster Okawaru
  4105 | D:5      | Noticed Ijyb
  4119 | D:5      | Killed Ijyb
  4120 | D:5      | Reached skill level 1 in Throwing
  4280 | D:5      | Mangled by an ogre

Illustrated notes

Levels and vault maps discovered:
D:1:      saegor_arrival_simple_b, layout_rooms,
          chequers_ecumenical_altar_simple_redux
D:2:      layout_rooms, serial_co_window_serial, co_window_of_opportunity_a,
          co_window_of_opportunity_a, co_window_corner_a, co_window_corner_a,
          co_window_corner_a, co_window_paths_c, co_window_corner_b,
          co_window_corner_b, co_window_4corner_a
D:3:      minmay_chambers_of_threes, layout_rooms, minmay_snake_closets,
          uniq_terence
D:4:      layout_basic
D:5:      layout_rooms, minmay_temple_entry_purple_smoke, uniq_ijyb
Temple:   compressed_dpeg_triangle_lava_temple

Skill      XL: |  1  2  3  4  5  6  7 |
---------------+----------------------+-----
Maces & Flails | 4 5 6 |  6.7
Armour         | 1 2 |  2.7
Air Magic      | 1 2 3 |  3.0
Dodging        | 3 |  3.7
Poison Magic   | 1 2 |  2.0
Fighting       | 3 |  3.3
Conjurations   | 5 |  5.2
Throwing       | 1 |  1.3
Spellcasting   | |  2.0
Necromancy     | |  0.1

Action                     |  1- 3 |  4- 6 |  7- 9 || total
---------------------------+-------+-------+-------++-------
  Melee: Mace              |    77 |   134 |       ||   211
         Kick              |    17 |    37 |    18 ||    72
         Peck              |    11 |    22 |    18 ||    51
         Punch             |     1 |       |     2 ||     3
         Flail             |       |    11 |    64 ||    75
         Morningstar       |       |       |    30 ||    30
  Throw: Dart              |       |     7 |     4 ||    11
   Cast: Kiss of Death     |     2 |     1 |     4 ||     7
    Use: Potion            |       |       |     1 ||     1
   Stab: Sleeping          |     1 |       |     1 ||     2
 Armour: Leather armour    |    14 |    19 |     7 ||    40
  Dodge: Dodged            |    73 |   138 |    97 ||   308
